 Dungeon Crawl Stone Soup version 0.28-b1-25-g9875b3fc8c (webtiles) character file.

Game seed: 5101515642686861824

120 sanka the Chopper (level 5, -1/46 HPs)
             Began as a Hill Orc Delver on Feb 6, 2022.
             Slain by a river rat (9 damage)
             ... in a sewer.
             The game lasted 00:02:46 (1292 turns).

sanka the Chopper (Hill Orc Delver)                 Turns: 1292, Time: 00:02:46

Health: -1/46      AC:  3    Str: 17    XL:     5   Next: 4%
Magic:  5/5        EV: 11    Int: 10    God:
Gold:   13         SH:  0    Dex: 12    Spells: 4/4 levels left

rFire   . . .      SeeInvis .   a - +0 hand axe
rCold   . . .      Faith    .   (no shield)
rNeg    . . .      Spirit   .   b - +0 leather armour
rPois   .          Reflect  .   (no helmet)
rElec   .          Harm     .   (no cloak)
rCorr   .          Rampage  .   (no gloves)
Will    .....                   (no boots)
Stlth   ++........              (no amulet)
HPRegen 0.15/turn               (no ring)
MPRegen 0.09/turn               (no ring)

@: lethally poisoned (-1 -> -3)
A: no striking features
a: no special abilities


You were in a sewer.
You visited 1 branch of the dungeon, and saw 3 of its levels.
You also visited: Sewer.

You collected 13 gold pieces.

Inventory:

Hand Weapons
 a - a +0 hand axe (weapon)
 h - a +0 flail
Missiles
 f - 15 poisoned darts (quivered)
Armour
 b - a +0 leather armour (worn)
Wands
 g - a wand of digging (3)
Scrolls
 c - a scroll of fog
 d - a scroll of identify {unknown}
 e - a scroll of fear
 j - a scroll of enchant armour {unknown}
Potions
 i - a potion of resistance
 k - a potion of heal wounds {unknown}


   Skills:
 - Level 4.0 Fighting
 + Level 6.4 Axes
 - Level 1.5 Dodging
 - Level 4.1 Stealth


You had 4 spell levels left.
You didn't know any spells.
Your spell library was empty.

Dungeon Overview and Level Annotations

Branches:
Dungeon (5/15)              Sewer (1/1)
 Temple: D:4-7

Altars:


Message History

You hit the adder but do no damage.
The adder is lightly wounded.
You feel sick. The adder bites you.
You are more poisoned.
The adder poisons you! The adder bites you.
You hit the adder.
The adder is heavily wounded.
You feel sick. The adder barely misses you.
You hit the adder.
The adder is severely wounded.
You feel sick. The adder closely misses you.
You miss the adder.
The adder is severely wounded.
The adder barely misses you.
You hit the adder but do no damage.
The adder is severely wounded.
You feel sick. The adder bites you.
You closely miss the adder.
The adder is severely wounded.
You feel sick. The adder bites you but does no damage.
The adder barely misses you.
You hit the adder.
The adder is almost dead.
You feel sick. The adder bites you.
You are more poisoned.
The adder poisons you!
Unknown command.
You hit the adder.
You kill the adder!
You feel sick.
You have reached level 5!
You feel stronger.
You closely miss the river rat.
You feel sick. The river rat barely misses you.
You hit the river rat but do no damage.
You feel sick. The river rat bites you.
* * * LOW HITPOINT WARNING * * *
You closely miss the river rat.
You feel sick. The river rat closely misses you.
Unknown command.
You closely miss the river rat.
You feel sick. The river rat bites you!
You die...

##### ##### ##.r@# ##### ##
#∩..#####..######...## ####
.######...##..#####......###..###
...#####.......##...............#
.....##........................)#
................................'
≈.........................≈...≈≈#
...≈≈≈≈..≈.....†...≈..≈.≈≈≈≈≈≈≈≈#
≈≈≈≈≈≈≈≈≈≈.≈......r≈≈≈≈≈≈≈≈≈≈≈≈≈#


You could see a river rat.

Vanquished Creatures
  A kobold brigand (Sewer)
  An adder (Sewer)
  2 river rats (Sewer)
  An orc (D:3)
  2 endoplasms (D:3)
  2 giant cockroaches (D:3)
  A hobgoblin (D:3)
  6 kobolds (Sewer)
  A ball python (D:3)
  A frilled lizard (D:3)
  10 rats
28 creatures vanquished.

Vanquished Creatures (others)
  A kobold (Sewer)
1 creature vanquished.

Grand Total: 29 creatures vanquished

Notes
Turn   | Place    | Note
-------+----------+-------------------------------------------
     0 | D:5      | sanka the Hill Orc Delver began the quest for the Orb.
     0 | D:5      | Reached XP level 1. HP: 19/19 MP: 1/1
    40 | D:3      | Reached skill level 3 in Axes
   133 | D:3      | Reached XP level 2. HP: 8/27 MP: 2/2
   246 | D:3      | Found a glowing drain.
   259 | Sewer    | Entered a sewer
   600 | Sewer    | Reached skill level 4 in Axes
   601 | Sewer    | Reached XP level 3. HP: 20/33 MP: 3/3
   920 | Sewer    | Noticed a kobold brigand
   949 | Sewer    | Killed a kobold brigand
   950 | Sewer    | Reached skill level 6 in Axes
   950 | Sewer    | Reached XP level 4. HP: 6/40 MP: 4/4
  1289 | Sewer    | Reached XP level 5. HP: 16/46 MP: 5/5
  1292 | Sewer    | Slain by a river rat

Illustrated notes

Levels and vault maps discovered:
D:3:      layout_basic, portal_sewer_entry_b, st_stairs_14
D:4:      kennysheep_big_flooded_room, layout_loops_ring,
          mainiacjoe_overflow_cross_hatched, zin_angel, sigmund_edmund_badplayer
D:5:      layout_basic, nicolae_ashenzari_panopticon, serial_shops,
          kennysheep_mini
Sewer:    sewer_minmay_treatment

Skill      XL: |  1  2  3 |
---------------+----------+-----
Axes           | 3 4 6 |  6.4
Fighting       | 4 |  4.0
Dodging        | |  1.5
Stealth        | |  4.1

Action                   |  1- 3 |  4- 6 || total
-------------------------+-------+-------++-------
Melee: Hand axe          |    78 |    18 ||    96
       Punch             |     1 |       ||     1
  Use: Potion            |     3 |       ||     3
       Scroll            |     1 |       ||     1
 Stab: Sleeping          |     1 |       ||     1
       Invisible         |     3 |       ||     3
Armor: Leather armour    |    21 |     3 ||    24
Dodge: Dodged            |    31 |    10 ||    41
